 Dungeon Sprint DCSS version 0.28-a0-863-g8cecda6153 (webtiles) character file.

Game seed: 1289185139638661494

6777 kae the Unseen (level 10, -4/57 HPs)
             Began as a Spriggan Enchanter on Nov 18, 2021.
             Was a High Priest of Dithmenos.
             Engulfed by a cloud of freezing vapour (14 damage)
             ... in the Dungeon (Sprint I: "Red Sonja").
             The game lasted 00:04:21 (2025 turns).

kae the Unseen (Spriggan Enchanter)                 Turns: 2025, Time: 00:04:22

Health: -4/57      AC:  4    Str:  7    XL:     10   Next: 76%
Magic:  27/27      EV: 24    Int: 17    God:    Dithmenos [*****.]
Gold:   1981       SH:  0    Dex: 16    Spells: 15/33 levels left

rFire   . . .      SeeInvis +   a - +2 dagger
rCold   . . .      Faith    .   (shield restricted)
rNeg    . . .      Spirit   .   n - +0 troll leather armour
rPois   .          Reflect  .   (helmet restricted)
rElec   .          Harm     .   (no cloak)
rCorr   .          Rampage  .   (gloves unavailable)
Will    +....      NoTele   +   (boots unavailable)
Stlth   +++++++++.              m - amulet of magic regeneration
HPRegen 1.19/turn               (no ring)
MPRegen 0.45/turn               (no ring)

@: wreathed by umbra, very quick
A: very small, no large weapons, unfitting armour, see invisible, speed 3
a: Renounce Religion, Shadow Step, Shadow Form


You were in the Dungeon.
You worshipped Dithmenos.
Dithmenos was extremely pleased with you.
You visited 1 branch You collected 1981 gold pieces.

Inventory:

Hand Weapons
 a - a +2 dagger (weapon)
 l - a +2 dagger of distortion
Armour
 b - a +0 robe
 n - a +0 troll leather armour (worn)
Jewellery
 m - an amulet of magic regeneration (around neck)
Wands
 q - a wand of flame (13)
Scrolls
 i - a scroll of blinking
 j - 2 scrolls of identify
Potions
 c - a potion of mutation
 d - 3 potions of curing
 f - a potion of haste
 g - 2 potions of magic
 h - a potion of berserk rage
 k - a potion of degeneration


   Skills:
 + Level 8.4 Fighting
 * Level 15.2 Short Blades
 + Level 13.2 Dodging
 + Level 15.9 Stealth
 + Level 12.2 Spellcasting
 + Level 12.5 Hexes


You had 15 spell levels left.
You knew the following spells:

 Your Spells              Type           Power      Damage    Failure   Level
a - Ensorcelled Hibernat  Hex/Ice        62%        N/A       1%          2
b - Confusing Touch       Hex            52%        N/A       1%          3
c - Tukima's Dance        Hex            52%        N/A       1%          3
d - Cause Fear            Hex            26%        N/A       1%          4
e - Dazzling Flash        Conj/Hex       62%        N/A       2%          3
f - Inner Flame           Hex/Fire       31%        N/A       2%          3

Your spell library contained the following spells:

 Spells                   Type           Power      Damage    Failure   Level
 Fulminant Prism          Conj/Hex       15%        3d11      8%          4
 Iskenderun's Mystic Bla  Conj/Tloc      10%        2d4       71%         4
 Lee's Rapid Deconstruct  Erth           5%         3d7*      96%         5
 Discord                  Hex            26%        N/A       98%         8


Dungeon Overview and Level Annotations

Branches:
Dungeon (1/1)

Altars:
Cheibriados
Dithmenos
Elyvilon
Fedhas
Gozag
Hepliaklqana
Kikubaaqudgha
Makhleb
Nemelex Xobeh
Okawaru
Qazlal
Ru
Sif Muna
Trog
Uskayaw
Vehumet
Wu Jian
Xom
Yredelemnul
Zin
The Shining One
Jiyva
Lugonu

Shops:
D ![


Innate Abilities, Weirdness & Mutations

You are very small and have problems with some larger weapons.
You are too small for most types of armour.
You have supernaturally acute eyesight. (SInv)
You cover ground extremely quickly. (Speed+++)


Message History

Found 81 gold pieces.
You now have 1360 gold pieces (gained 27).
You now have 1387 gold pieces (gained 27).
You now have 1414 gold pieces (gained 27).
You now have 1441 gold pieces (gained 27).
You now have 1468 gold pieces (gained 27).
You now have 1495 gold pieces (gained 27).
You now have 1522 gold pieces (gained 27).
You now have 1549 gold pieces (gained 27).
You now have 1576 gold pieces (gained 27).
You now have 1603 gold pieces (gained 27).
You now have 1630 gold pieces (gained 27).
You now have 1657 gold pieces (gained 27).
You now have 1684 gold pieces (gained 27).
You now have 1711 gold pieces (gained 27).
You now have 1738 gold pieces (gained 27).
You now have 1765 gold pieces (gained 27).
You now have 1792 gold pieces (gained 27).
You now have 1819 gold pieces (gained 27).
You now have 1846 gold pieces (gained 27).
You now have 1873 gold pieces (gained 27).
You now have 1900 gold pieces (gained 27).
Really walk into that cloud of freezing vapour? [Y]es or [N]o only, please.
Really walk into that cloud of freezing vapour?
You are engulfed in freezing vapours.
You see here 27 gold pieces.
You now have 1927 gold pieces (gained 27).
You now have 1954 gold pieces (gained 27).
You are engulfed in freezing vapours.
You are engulfed in freezing vapours.
You see here 27 gold pieces.
You now have 1981 gold pieces (gained 27).
There are no items here.
You see here 27 gold pieces.
You are engulfed in freezing vapours.
* * * LOW HITPOINT WARNING * * *
You see here 27 gold pieces.
You are engulfed in freezing vapours.
You die...

_#≈§§§.#§.#...○.○..$$$#
'##§#####§###°°.#.....#
.#.)..###§'.#○°○###++##
###'###.###§#.○###..##
'..÷..'.∩##§#○○####..###
###########.##'#..#..#.###
## #.##.#$$°..☼☼..# .#
+§####$°...○...# .# #§#
+@°.°..#### .# #§#
##...### ## +§# ##### ###


There were no monsters in sight!

Vanquished Creatures
  A lorocyproca (D)
  2 centaur warriors (D)
  Sonja (D)
  A deep troll (D)
  A lindwurm (D)
  An oklob plant (D)
  A gargoyle (D)
  2 kobold demonologists (D)
  4 demonic crawlers (D)
  A hornet (D)
  A slime creature (D)
  2 redbacks (D)
  Sigmund (D)
  A yak (D)
  A floating eye (D)
  An ogre (D)
  A jelly (D)
  Ijyb (D)
  A ballistomycete spore (D)
25 creatures vanquished.

Vanquished Creatures (others)
  A ballistomycete spore (D)
1 creature vanquished.

Grand Total: 26 creatures vanquished

Notes
Turn   | Place    | Note
-------+----------+-------------------------------------------
     0 | D        | kae the Spriggan Enchanter began the quest for the Orb.
     0 | D        | Reached XP level 1. HP: 9/9 MP: 5/5
     2 | D        | Noticed Ijyb
     9 | D        | Killed Ijyb
    10 | D        | Reached skill level 1 in Fighting
    10 | D        | Reached skill level 5 in Stealth
    10 | D        | Reached XP level 2. HP: 14/14 MP: 5/7
    12 | D        | Noticed an ogre
    20 | D        | Killed an ogre
    21 | D        | Reached skill level 5 in Short Blades
    21 | D        | Reached skill level 5 in Dodging
    21 | D        | Reached skill level 5 in Hexes
    21 | D        | Reached XP level 3. HP: 19/19 MP: 6/10
    21 | D        | Reached XP level 4. HP: 23/23 MP: 6/11
    23 | D        | Noticed Sigmund
    27 | D        | Killed Sigmund
    28 | D        | Reached XP level 5. HP: 28/28 MP: 7/14
    35 | D        | Found a burning altar of Makhleb.
    35 | D        | Found a shimmering altar of Xom.
    35 | D        | Noticed a slime creature
    36 | D        | Found a viscous altar of Jiyva.
    36 | D        | Found a corrupted altar of Lugonu.
    41 | D        | Killed a slime creature
    42 | D        | Reached XP level 6. HP: 33/33 MP: 9/17
    43 | D        | Found an ornate altar of the Wu Jian Council.
    43 | D        | Found a shimmering blue altar of Sif Muna.
    45 | D        | Found a radiant altar of Vehumet.
    72 | D        | Learned a level 2 spell: Ensorcelled Hibernation
    76 | D        | Learned a level 3 spell: Confusing Touch
   322 | D        | Noticed a centaur warrior
   323 | D        | Noticed a centaur warrior
   328 | D        | Found Ycaerrygg's Distillery.
   328 | D        | Found an ancient bone altar of Kikubaaqudgha.
   328 | D        | Found a stormy altar of Qazlal.
   328 | D        | Found a blossoming altar of Fedhas.
   328 | D        | Found a bloodstained altar of Trog.
   328 | D        | Found an iron altar of Okawaru.
   328 | D        | Found a glowing golden altar of the Shining One.
   328 | D        | Found a glowing silver altar of Zin.
   328 | D        | Found a white marble altar of Elyvilon.
   328 | D        | Noticed a yak
   329 | D        | Found a hazy altar of Hepliaklqana.
   329 | D        | Found a hide-covered altar of Uskayaw.
   329 | D        | Found a basalt altar of Yredelemnul.
   329 | D        | Found an opulent altar of Gozag.
   329 | D        | Found a snail-covered altar of Cheibriados.
   329 | D        | Found a sacrificial altar of Ru.
   329 | D        | Found a shadowy altar of Dithmenos.
   333 | D        | Killed a yak
   334 | D        | Reached skill level 10 in Stealth
   334 | D        | Reached XP level 7. HP: 32/38 MP: 14/19
   334 | D        | Found a sparkling altar of Nemelex Xobeh.
   340 | D        | Became a worshipper of Dithmenos the Shadowed
   407 | D        | Noticed Sonja
   411 | D        | Killed Sonja
   412 | D        | Reached skill level 5 in Fighting
   412 | D        | Reached skill level 10 in Short Blades
   412 | D        | Reached XP level 8. HP: 44/44 MP: 19/21
   597 | D        | Noticed a deep troll
   603 | D        | Killed a deep troll
   604 | D        | Reached skill level 10 in Dodging
   800 | D        | Killed a centaur warrior
   800 | D        | Reached * piety under Dithmenos
   801 | D        | Reached skill level 10 in Hexes
   801 | D        | Reached XP level 9. HP: 42/49 MP: 16/23
   802 | D        | Killed a centaur warrior
   803 | D        | Reached skill level 10 in Spellcasting
   863 | D        | Paralysed by a hornet for 1 turns
   900 | D        | Noticed an oklob plant
   902 | D        | Killed an oklob plant
   902 | D        | Reached ** piety under Dithmenos
   937 | D        | Found Tacekomi's Armour Emporium.
   979 | D        | Noticed a kobold demonologist
   981 | D        | Noticed a kobold demonologist
   986 | D        | Paralysed by a floating eye for 3 turns
   994 | D        | Paralysed by a floating eye for 2 turns
  1043 | D        | Killed a kobold demonologist
  1043 | D        | Reached *** piety under Dithmenos
  1044 | D        | Reached XP level 10. HP: 47/55 MP: 21/26
  1117 | D        | Learned a level 3 spell: Tukima's Dance
  1122 | D        | Learned a level 4 spell: Cause Fear
  1126 | D        | Learned a level 3 spell: Dazzling Flash
  1130 | D        | Learned a level 3 spell: Inner Flame
  1274 | D        | Reached skill level 15 in Stealth
  1668 | D        | Reached **** piety under Dithmenos
  1756 | D        | Noticed a lindwurm
  1759 | D        | Killed a lindwurm
  1771 | D        | Noticed a gargoyle
  1776 | D        | Killed a gargoyle
  1882 | D        | Noticed a lorocyproca
  1887 | D        | Killed a lorocyproca
  1887 | D        | Reached ***** piety under Dithmenos
  1888 | D        | Reached skill level 15 in Short Blades
  2025 | D        | Engulfed by a cloud of freezing vapour

Illustrated notes

Levels and vault maps discovered:
D:        dungeon_sprint_1 [red_sonja_temple_1, red_sonja_temple_small_1]

Skill      XL: |  1  2  3  4  5  6  7  8  9 10 |
---------------+-------------------------------+-----
Fighting       | 1 2 3 4 5 6 7 8 |  8.4
Short Blades   | 3 5 7 8 9 10 12 13 15 | 15.2
Dodging        | 3 5 6 7 8 9 10 12 13 | 13.2
Stealth        | 5 7 8 9 10 11 13 14 15 | 15.9
Spellcasting   | 3 4 6 7 8 9 11 12 | 12.2
Hexes          | 4 5 6 7 8 9 10 11 12 | 12.5

Action                   |  1- 3 |  4- 6 |  7- 9 | 10-12 || total
-------------------------+-------+-------+-------+-------++-------
Melee: Dagger            |    12 |    10 |    33 |    29 ||    84
 Cast: Ensorcelled Hiber |       |     3 |    10 |     4 ||    17
       Confusing Touch   |       |       |     2 |     3 ||     5
       Dazzling Flash    |       |       |       |    19 ||    19
       Cause Fear        |       |       |       |     5 ||     5
Evoke: Wand              |       |       |       |     1 ||     1
  Use: Potion            |     1 |       |     1 |       ||     2
       Scroll            |       |       |     4 |     1 ||     5
 Stab: Invisible         |     5 |     1 |       |     8 ||    14
       Sleeping          |       |     4 |    10 |     3 ||    17
       Confused          |       |       |     2 |     1 ||     3
Armor: Troll leather arm |       |       |     3 |     7 ||    10
Dodge: Dodged            |     7 |     4 |    29 |   104 ||   144

Table legend: (Time is in decaauts)
 A = Elapsed time spent in this place.
 B = Non-inter-level travel time spent in this place.
 C = Inter-level travel time spent in this place.
 D = Time resting spent in this place.
 E = Time spent auto-exploring this place.
 F = Levels seen in this place.
 G = Mean time per level.
                   A        B        C        D        E       F      G
               +--------+--------+--------+--------+--------+-----+--------+
         Total |   1819 |   1819 |      0 |    889 |    440 |   1 | 1819.0 |
       Dungeon |   1819 |   1819 |      0 |    889 |    440 |   1 | 1819.0 |
               +--------+--------+--------+--------+--------+-----+--------+

Top non-repeatable levels by time:
       D: 1819 daAuts
